 Dungeon Crawl Stone Soup version 0.31-a0-233-g139696dc86 (webtiles) character file.

Game seed: 5744215738386233410

396 Decritt the Trooper (level 6, -3/40 HPs)
             Began as a Gargoyle Fighter on July 9, 2023.
             Killed by divine providence
             ... invoked by an orc priest
              (13 damage)
             ... on level 5 of the Dungeon.
             The game lasted 00:04:51 (2842 turns).

Decritt the Trooper (Gargoyle Fighter)              Turns: 2842, Time: 00:04:52

Health: -3/40      AC: 13    Str: 22    XL:     6   Next: 83%
Magic:  6/6        EV:  9    Int:  8    God:
Gold:   52         SH:  0    Dex:  9    Spells: 5/5 levels left

rFire   . . .        l - +0 whip
rCold   . . .        c - +0 buckler
rNeg    + . .        b - +0 scale mail
rPois   ∞            k - +2 hat
rElec   +            (no cloak)
rCorr   .            (no gloves)
SInv    .            (no boots)
Will    .....        (no amulet) Stlth
                     (no ring)
HPRegen 0.26/turn    (no ring)
MPRegen 0.10/turn

%: no passive effects
@: confused
A: sickness immunity, AC +4, negative energy resistance 1, electricity
resistance, torment resistance 1, petrification resistance
a: no special abilities


You were on level 5 of the Dungeon.
You visited 1 branch of the dungeon, and saw 5 of its levels.

You collected 134 gold pieces.
You spent 82 gold pieces at shops.

Inventory:

Hand Weapons
 a - a +0 flail
 l - a +0 whip (weapon)
Armour
 b - a +0 scale mail (worn)
 c - a +0 buckler (worn)
 k - a +2 hat (worn)
Wands
 n - a wand of flame (16)
Scrolls
 i - a scroll of vulnerability
 m - a scroll of blinking
Potions
 d - a potion of might
 g - a potion of degeneration {unknown}
 h - a potion of curing {unknown}
 j - 2 potions of brilliance


   Skills:
 * Level 5.4 Fighting
 * Level 4.3 Maces & Flails
 + Level 4.4 Armour
 + Level 4.4 Shields


You had 5 spell levels left.
You didn't know any spells.
Your spell library was empty.

Dungeon Overview and Level Annotations

Branches:
Dungeon (5/15)
 Temple: D:4-7

Altars:
Okawaru

Shops:
D:2 ?

Annotations:
D:1 1 transporter
D:2 1 runed translucent door, Crazy Yiuf


Innate Abilities, Weirdness & Mutations

You are immune to sickness and miasma.
Your stone body is resilient. (AC +4)
You are immune to poison.
You resist negative energy. (rN+)
You are resistant to electric shocks. (rElec)
You are resistant to unholy torment.
You are immune to petrification.


Message History

The orc wizard points at you and mumbles some strange words.
The magic dart hits you. The orc priest hits you with a +0 whip.
You hit the orc wizard.
The orc wizard is moderately wounded.
The orc wizard closely misses you.
The orc priest hits you but does no damage.
You hit the orc wizard.
The orc wizard is heavily wounded.
The orc wizard barely misses you.
The orc priest hits you but does no damage.
You hit the orc wizard.
The orc wizard is heavily wounded.
The orc wizard hits you with a +2 vampiric dagger.
The orc priest closely misses you.
You closely miss the orc wizard.
The orc wizard is heavily wounded.
The orc wizard closely misses you. The orc priest hits you with a +0 whip.
You barely miss the orc wizard.
The orc wizard is heavily wounded.
You hit the orc wizard but do no damage.
The orc wizard is heavily wounded.
The orc wizard hits you with a +2 vampiric dagger.
The orc priest hits you but does no damage.
You hit the orc wizard.
The orc wizard is severely wounded.
The orc wizard gestures at you while chanting.
You are confused.
The orc priest hits you with a +0 whip.
* * * LOW HITPOINT WARNING * * *
You barely miss the orc priest. The orc wizard casts a spell at you.
You resist with some effort.
The orc priest invokes the aid of Beogh against you.
Beogh smites you!
* * * LOW HITPOINT WARNING * * *
You hit the orc priest but do no damage.
The orc wizard closely misses you.
The orc priest mumbles some strange prayers to Beogh against you.
Beogh smites you!
You die...

# *,* *..#*,*,* *,** #
*,* *.(.,,*,* *,* # *,*
*#.#***,********,*
#****,* #.#
*,,,,,,,,,*,** #,,,,,*
****##.##*,,******,*,,,
#,***** ##...........##
*,***, #,*
##.####.####.## *,* *,
*,* ##.####o####.## *,*
*, *,* ##.####@####.##
*,* *, *,*
##.####o####.## *,* *,
*,* ##.####.#.....# *,*
*, *,* ##.####.#§....#
*,***, *,*
##.####..§....#****,*,,,
*,*
##.######§.>(.....,,,,,,
*,**
##.######.....####*,*,,,
,,,* ##.########.###
**,**,* ,*,*
##.########.### **,,,*,*


You could see an orc priest and an orc wizard.

Vanquished Creatures
  Sigmund (D:2)
  A phantom (D:5)
  A hound (D:4)
  3 gnolls (D:4)
  4 adders (D:2)
  2 worms (D:2)
  3 dart slugs
  3 orcs
  3 bats
  6 endoplasms
  2 giant cockroaches
  2 goblins
  9 hobgoblins
  2 jackals (D:4)
  6 kobolds
  2 quokkas
  5 ball pythons
  4 frilled lizards
  A rat (D:2)
60 creatures vanquished.

Notes
Turn   | Place    | Note
-------+----------+-------------------------------------------
     0 | D:1      | Decritt the Gargoyle Fighter began the quest for the Orb.
     0 | D:1      | Reached XP level 1. HP: 14/14 MP: 1/1
    38 | D:1      | Reached XP level 2. HP: 19/19 MP: 2/2
   328 | D:1      | Reached XP level 3. HP: 24/24 MP: 3/3
   552 | D:1      | Found a faded altar of an unknown god.
  1324 | D:2      | Reached skill level 4 in Fighting
  1328 | D:2      | Reached XP level 4. HP: 29/29 MP: 4/4
  1341 | D:2      | Noticed Sigmund
  1379 | D:2      | Killed Sigmund
  1380 | D:2      | Reached XP level 5. HP: 34/34 MP: 5/5
  1667 | D:2      | Reached XP level 6. HP: 37/40 MP: 6/6
  1822 | D:2      | Reached skill level 5 in Fighting
  1956 | D:2      | Found Soup's Magic Scroll Emporium.
  1961 | D:2      | Bought a scroll of blinking for 82 gold pieces
  1976 | D:2      | Found a runed translucent door.
  1977 | D:2      | Noticed Crazy Yiuf
  2134 | D:3      | You fall into a shaft and drop 2 floors!
  2134 | D:5      | Entered Level 5 of the Dungeon
  2152 | D:5      | Found an iron altar of Okawaru.
  2340 | D:4      | HP: 2/60 [gnoll/+0 whip (5)]
  2842 | D:5      | Killed from afar by an orc priest

Illustrated notes

Levels and vault maps discovered:
D:1:      spicycebolla_arrival_risky_transporter, layout_loops_ring,
          shapermc_ecumenical_altar_venn, serial_rivers,
          chequers_serial_rivers_small_b, chequers_serial_rivers_marsh,
          chequers_serial_rivers_small_b, chequers_serial_rivers_small_a,
          minmay_surrounded
D:2:      layout_loops_corners, serial_shops, shop_statue,
          minmay_small_reverse_x, uniq_sigmund, uniq_crazy_yiuf_cottage
D:3:      layout_loops_cross, mainiacjoe_overflow_24_doors,
          minmay_misc_feat_four_crosses, nicolae_underground_beach
D:4:      layout_loops_ring, temple_statues
D:5:      layout_loops_ring, okawaru_ov_weapons_minmay, grunt_ministairs_2

Skill      XL: |  1  2  3  4  5  6 |
---------------+-------------------+-----
Fighting       | 4 5 |  5.4
Maces & Flails | 3 4 |  4.3
Armour         | 4 |  4.4
Shields        | 4 |  4.4

Action                     |  1- 3 |  4- 6 || total
---------------------------+-------+-------++-------
  Melee: Flail             |    82 |    31 ||   113
         Whip              |       |   122 ||   122
    Use: Scroll            |       |     8 ||     8
         Potion            |       |     1 ||     1
 Armour: Scale mail        |    37 |    95 ||   132
  Dodge: Dodged            |    34 |    53 ||    87
  Block: Buckler           |    18 |    36 ||    54

Table legend: (Time is in decaauts)
 A = Elapsed time spent in this place.
 B = Non-inter-level travel time spent in this place.
 C = Inter-level travel time spent in this place.
 D = Time resting spent in this place.
 E = Time spent auto-exploring this place.
 F = Levels seen in this place.
 G = Mean time per level.
                   A        B        C        D        E       F      G
               +--------+--------+--------+--------+--------+-----+--------+
         Total |   2891 |   2805 |     86 |    451 |   1745 |   5 |  578.2 |
       Dungeon |   2891 |   2805 |     86 |    451 |   1745 |   5 |  578.2 |
               +--------+--------+--------+--------+--------+-----+--------+

Top non-repeatable levels by time:
     D:1: 1161 daAuts
     D:2: 1005 daAuts
     D:4: 456 daAuts
     D:5: 256 daAuts
     D:3: 11 daAuts
